 Dungeon Crawl Stone Soup version 0.28.0 (webtiles) character file.

Game seed: 131580257467230798

26736 horus123 the Thaumaturge (level 13, -9/76 HPs)
             Began as a Deep Elf Conjurer on Feb 9, 2022.
             Was an Elder of Vehumet.
             Mangled by a wolf spider (16 damage)
             ... on level 4 of the Lair of Beasts.
             The game lasted 00:49:12 (17905 turns).

horus123 the Thaumaturge (Deep Elf Conjurer)       Turns: 17905, Time: 00:49:13

Health: -9/76      AC: 23    Str:  4    XL:     13   Next: 0%
Magic:  17/33      EV: 12    Int: 34    God:    Vehumet [****..]
Gold:   352        SH:  0    Dex: 13    Spells: 4/40 levels left

rFire   . . .      SeeInvis .   H - +5 flail "Leviticus" {pain, Int+5}
rCold   + . .      Faith    .   Q - orb {mayhem}
rNeg    . . .      Spirit   .   L - +5 steam dragon scales
rPois   .          Reflect  .   J - +1 helmet
rElec   .          Harm     .   F - +2 cloak
rCorr   .          Rampage  .   B - +2 pair of gloves
Will    +....                   k - +2 pair of boots
Stlth   ++........              N - amulet of regeneration
HPRegen 1.02/turn               P - ring of protection from cold
MPRegen 0.23/turn               (no ring)

@: no status effects
A: no striking features
a: Renounce Religion


You were on level 4 of the Lair of Beasts.
You worshipped Vehumet.
Vehumet was greatly pleased with you.
You visited 3 branches of the dungeon, and saw 15 of its levels.
You also visited: Bailey.

You collected 952 gold pieces.
You spent 600 gold pieces at shops.

Inventory:

Hand Weapons
 b - a +0 rapier
 H - the +5 flail "Leviticus" (weapon) {pain, Int+5}
   (You found it on level 9 of the Dungeon)

   In the hands of one skilled in necromantic magic, it inflicts extra damage on
   living creatures.
   Int:       It affects your intelligence (+5).
Missiles
 d - 189 arrows
Armour
 a - a +2 robe
 k - a +2 pair of boots (worn)
 B - a +2 pair of gloves (worn)
 F - a +2 cloak (worn)
 J - a +1 helmet (worn)
 L - +5 steam dragon scales (worn)
 Q - an orb of mayhem (worn)
Magical Staves
 g - a staff of conjuration
Jewellery
 N - an amulet of regeneration (around neck)
 P - a ring of protection from cold (left hand)
Wands
 l - a wand of polymorph (8)
 t - a wand of digging (10)
 A - a wand of flame (13)
 C - a wand of acid (16)
 E - a wand of mindburst (11)
Scrolls
 e - 3 scrolls of vulnerability
 h - 3 scrolls of fog
 i - 4 scrolls of teleportation
 j - 6 scrolls of enchant weapon
 n - a scroll of immolation
 p - 4 scrolls of amnesia
 q - a scroll of fear
 y - a scroll of magic mapping
 G - a scroll of holy word
 K - a scroll of brand weapon
 M - 2 scrolls of identify
 O - a scroll of summoning {unknown}
Potions
 c - 3 potions of curing
 f - 3 potions of haste
 m - a potion of lignification {unknown}
 o - a potion of resistance
 r - 2 potions of degeneration
 s - a potion of magic
 u - 3 potions of flight
 v - a potion of berserk rage {unknown}
 w - 4 potions of attraction
 x - 3 potions of invisibility {unknown}
 z - a potion of might {unknown}
 D - 6 potions of heal wounds {unknown}
 I - a potion of experience {unknown}


   Skills:
 - Level 7.0 Fighting
 - Level 6.0 Armour
 - Level 2.4 Dodging
 - Level 2.4 Stealth
 - Level 14.0 Spellcasting
 - Level 12.4 Conjurations
 - Level 9.1 Hexes
 - Level 6.3 Translocations
 + Level 3.0 Air Magic
 - Level 8.0 Earth Magic


You had 4 spell levels left.
You knew the following spells:

 Your Spells              Type           Power      Damage    Failure   Level
a - Magic Dart            Conj           100%       1d8       0%          1
b - Searing Ray           Conj           100%       2d8       0%          2
c - Iskenderun's Battles  Conj           83%        2d13      1%          5
d - Iskenderun's Mystic   Conj/Tloc      73%        2d15      1%          4
e - Iron Shot             Conj/Erth      37%        9d7       1%          6
f - Teleport Other        Tloc           61%        N/A       1%          3
g - Stone Arrow           Conj/Erth      100%       3d13      1%          3
h - Anguish               Hex/Necr       26%        N/A       2%          4
i - Maxwell's Capacitive  Air            22%        ∞         99%         8

Your spell library contained the following spells:

 Spells                   Type           Power      Damage    Failure   Level
 Inner Flame              Hex/Fire       53%        N/A       1%          3
 Animate Skeleton         Necr           46%        N/A       1%          1
 Apportation              Tloc           100%       N/A       1%          1
 Slow                     Hex            100%       N/A       1%          1
 Summon Small Mammal      Summ           92%        N/A       1%          1
 Blink                    Tloc           100%       N/A       1%          2
 Ensorcelled Hibernation  Hex/Ice        100%       N/A       1%          2
 Static Discharge         Conj/Air       66%        N/A       1%          2
 Confusing Touch          Hex            72%        N/A       1%          3
 Dazzling Flash           Conj/Hex       100%       N/A       1%          3
 Gell's Gravitas          Tloc           61%        N/A       1%          3
 Lesser Beckoning         Tloc           61%        N/A       1%          3
 Portal Projectile        Hex/Tloc       100%       N/A       1%          3
 Summon Guardian Golem    Hex/Summ       53%        N/A       1%          3
 Fulminant Prism          Conj/Hex       38%        3d18      1%          4
 Leda's Liquefaction      Hex/Erth       35%        N/A       1%          4
 Sticky Flame             Conj/Fire      60%        2d8       1%          4
 Call Canine Familiar     Summ           23%        N/A       5%          3
 Spider Form              Tmut/Pois      23%        N/A       5%          3
 Vampiric Draining        Necr           23%        2d7       5%          3
 Dispel Undead            Necr           23%        3d12      17%         4
 Freezing Cloud           Conj/Ice/Air   28%        6-21      1%          5
 Lightning Bolt           Conj/Air       33%        1d50      1%          5
 Manifold Assault         Tloc           61%        N/A       3%          5
 Spellforged Servitor     Conj/Summ      30%        N/A       28%         7
 Blade Hands              Tmut           11%        N/A       43%         5
 Excruciating Wounds      Necr           11%        N/A       43%         5
 Simulacrum               Ice/Necr       11%        N/A       95%         6
 Polar Vortex             Ice            11%        N/A       100%        9


Dungeon Overview and Level Annotations

Branches:
Dungeon (10/15)            Temple (1/1) D:6            Lair (4/6) D:10
 Shoals (0/4) Lair:2       Spider (0/4) Lair:4       Bailey (visited)
    Orc: D:9-12

Altars:
Cheibriados
Dithmenos
Elyvilon
Kikubaaqudgha
Okawaru
Ru
Sif Muna
Trog
Vehumet
Wu Jian
Xom
The Shining One

Shops:
D:4 :   D:5 (   D:10 [

Annotations:
D:7 1 runed translucent door, joshe's ghost, novice DgCj
Lair:2 2 transporters, Joatin's ghost, journeyman GnFi


Message History

The wolf spider bites the culicivora!
The culicivora looks as sick as possible!
The wolf spider poisons the culicivora!
The culicivora bites you.
The culicivora draws strength from your injuries!
The stone arrow misses the culicivora.
The stone arrow hits the culicivora!!
The culicivora is severely wounded.
The wolf spider closely misses the culicivora. x2
The culicivora is healed somewhat.
The stone arrow hits the culicivora!
The culicivora is moderately wounded.
The wolf spider hits the culicivora!!
The culicivora dies!
Vehumet accepts your kill.
The culicivora bites you but does no damage.
The culicivora bites you!
The culicivora draws strength from your injuries!
Aiming: Stone Arrow (safe; 1% risk of failure)
Press: ? - help, Q - select action, (/) - cycle Shift-Dir - straight line, f/p - culicivora
Aim: a culicivora (lightly wounded, 61% to hit)
The stone arrow hits the culicivora!!
The culicivora is severely wounded.
The wolf spider hits the culicivora!!
The culicivora dies!
Vehumet accepts your kill.
Your Air Magic skill increases to level 3!
You have reached level 13!
Hit: H) +5 flail "Leviticus" {pain, Int+5}
Press: ? - help, Dir - move target, f - wolf spider
Aim: a wolf spider (fast, strong, frenzied and insane, about 36% to evade the +5 flail "Leviticus")
Okay, then.
The wolf spider hisses angrily.
The wolf spider hits you! The wolf spider misses you. The wolf spider hits you!
The wolf spider bites you but does no damage.
The wolf spider completely misses you. The wolf spider bites you.
The wolf spider hits you but does no damage.
The wolf spider bites you but does no damage.
The wolf spider hits you!!
* * * LOW HITPOINT WARNING * * *
The wolf spider bites you!
You die...

.# ###....#
##.##.#....
###.........##
#............#
#P..........#
............##
#...........###
#.....@s......#
##.......##.^^..#
..........###^.^.^#
.......##..###...^^
.....###.#..# ..^..
....# ##...####..>
...# #.......##..
... #........###
#...........## #.


You could see a neutral wolf spider (fast, strong, insane).

Vanquished Creatures
  Erolcha (D:10)
  Erica (Lair:1)
  2 hydras
  A two-headed ogre (D:8)
  Sonja (Lair:2)
  2 orc knights (Bailey)
  Maurice (D:8)
  A merfolk siren (Lair:2)
  8 elephants (Lair:2)
  Maggie (D:8)
  A kobold demonologist (D:10)
  An unseen horror (D:10)
  Psyche (D:9)
  6 cane toads
  A komodo dragon (Lair:2)
  5 trolls
  A hornet (D:9)
  19 blink frogs
  A culicivora (Lair:4)
  2 wyverns
  16 yaks
  3 basilisks
  2 steam dragons
  2 vampire mosquitoes (D:10)
  11 water moccasins
  13 orc warriors
  2 ice beasts
  4 black bears
  2 ogres
  3 centaurs
  17 kobold brigands
  11 bullfrogs
  2 wyvern zombies (D:8)
  2 gnoll sergeants
  3 scorpions
  9 killer bees
  2 howler monkeys (D:6)
  A centaur zombie (D:7)
  3 jellies
  An orc priest (D:7)
  A hound (D:5)
  A bullfrog skeleton (D:5)
  A centaur skeleton (D:7)
  4 iguanas
  6 orc wizards
  A killer bee zombie (D:8)
  A howler monkey skeleton (D:5)
  2 howler monkey zombies
  12 gnolls
  7 adders
  2 shadow imps
  A white imp (D:7)
  An ufetubus (D:5)
  A worm (D:4)
  3 dart slugs
  59 orcs
  5 endoplasms
  4 giant cockroaches
  6 hobgoblins
  5 quokkas
  6 ball pythons
  6 bats
  2 frilled lizards
  5 goblins
  23 kobolds
  4 rats
335 creatures vanquished.

Vanquished Creatures (collateral kills)
  2 culicivoras (Lair:4)
2 creatures vanquished.

Vanquished Creatures (others)
  An elephant (Lair:2)
  A human (D:6)
  31 fungi
  21 plants
54 creatures vanquished.

Grand Total: 391 creatures vanquished

Notes
Turn   | Place    | Note
-------+----------+-------------------------------------------
     0 | D:1      | horus123 the Deep Elf Conjurer began the quest for the Orb.
     0 | D:1      | Reached XP level 1. HP: 10/10 MP: 6/6
   461 | D:1      | Reached skill level 4 in Spellcasting
   461 | D:1      | Reached XP level 2. HP: 15/15 MP: 6/9
   573 | D:1      | Learned a level 2 spell: Searing Ray
  1140 | D:2      | Found a faded altar of an unknown god.
  1395 | D:2      | Reached skill level 5 in Conjurations
  1395 | D:2      | Reached XP level 3. HP: 19/19 MP: 7/10
  2155 | D:3      | Reached XP level 4. HP: 24/24 MP: 0/12
  3278 | D:4      | Reached XP level 5. HP: 28/28 MP: 8/13
  3457 | D:4      | Learned a level 5 spell: Iskenderun's Battlesphere
  3462 | D:4      | Learned a level 4 spell: Iskenderun's Mystic Blast
  3627 | D:4      | Noticed an ice beast
  3634 | D:4      | Killed an ice beast
  3635 | D:4      | Reached XP level 6. HP: 17/32 MP: 6/14
  3827 | D:4      | Found Ymobi's Book Boutique.
  4603 | D:5      | Entered Level 5 of the Dungeon
  4792 | D:5      | Reached skill level 5 in Spellcasting
  4849 | D:5      | Reached skill level 6 in Spellcasting
  4990 | D:5      | Found Lalo's Hydra Hut.
  4993 | D:5      | Noticed a five-headed hydra
  5026 | D:5      | Reached skill level 7 in Spellcasting
  5026 | D:5      | Reached XP level 7. HP: 36/36 MP: 10/19
  5084 | D:5      | Learned a level 6 spell: Iron Shot
  5132 | D:5      | Identified the +3 leather armour "Uduisev" {Str+4}
  5952 | D:6      | Reached skill level 1 in Fighting
  6067 | D:6      | Found an ancient bone altar of Kikubaaqudgha.
  6068 | D:6      | Noticed a human
  6072 | D:6      | Killed a human
  6161 | D:6      | Reached XP level 8. HP: 44/44 MP: 12/20
  6538 | D:6      | Found a staircase to the Ecumenical Temple.
  6717 | Temple   | Entered the Ecumenical Temple
  6767 | Temple   | Became a worshipper of Vehumet
  6977 | D:7      | Reached skill level 1 in Translocations
  7213 | D:7      | Reached skill level 5 in Translocations
  7660 | D:7      | Reached XP level 9. HP: 8/52 MP: 5/21
  7972 | D:7      | Reached * piety under Vehumet
  7972 | D:7      | Offered knowledge of Sandblast by Vehumet.
  8239 | D:7      | Found a runed translucent door.
  8242 | D:7      | Noticed joshe's ghost (novice DgCj)
  8465 | D:8      | Reached skill level 10 in Conjurations
  8706 | D:8      | Noticed a two-headed ogre
  8711 | D:8      | Killed a two-headed ogre
  8712 | D:8      | Reached skill level 5 in Earth Magic
  8714 | D:8      | Noticed Maurice
  8720 | D:8      | Killed Maurice
  8869 | D:8      | Noticed Maggie
  8879 | D:8      | Killed Maggie
  9011 | D:8      | Reached XP level 10. HP: 51/57 MP: 14/22
  9222 | D:8      | Learned a level 3 spell: Teleport Other
  9610 | D:9      | Noticed Psyche
  9613 | D:9      | Killed Psyche
  9621 | D:9      | Reached skill level 5 in Fighting
  9758 | D:9      | Identified the +5 flail "Leviticus" {pain, Int+5}
  9943 | D:9      | Found a shimmering altar of Xom.
  9944 | D:9      | Found a sacrificial altar of Ru.
 10391 | D:9      | Offered knowledge of Scorch by Vehumet.
 10455 | D:9      | Reached ** piety under Vehumet
 11121 | D:10     | Entered Level 10 of the Dungeon
 11239 | D:10     | Reached skill level 8 in Spellcasting
 11333 | D:10     | Reached skill level 9 in Spellcasting
 11550 | D:10     | Noticed Erolcha
 11562 | D:10     | Killed Erolcha
 11563 | D:10     | Reached skill level 10 in Spellcasting
 11613 | D:10     | Found a flagged portal.
 11623 | Bailey   | Entered a bailey
 11734 | Bailey   | Reached XP level 11. HP: 65/67 MP: 17/27
 11809 | Bailey   | Noticed an orc knight
 11810 | Bailey   | Noticed an orc knight
 11824 | Bailey   | Killed an orc knight
 11908 | Bailey   | Offered knowledge of Stone Arrow by Vehumet.
 12035 | Bailey   | Learned a level 3 spell: Stone Arrow
 12042 | Bailey   | Killed an orc knight
 12667 | D:10     | Reached *** piety under Vehumet
 13009 | D:10     | Offered knowledge of Flame Wave by Vehumet.
 13166 | D:10     | Found a staircase to the Lair.
 13388 | D:10     | Reached skill level 11 in Spellcasting
 13487 | D:10     | Found Tishpak's Dragon-Slaying Spoils.
 13495 | D:10     | Bought +0 steam dragon scales for 600 gold pieces
 13811 | D:10     | Reached skill level 1 in Armour
 13893 | Lair:1   | Entered Level 1 of the Lair of Beasts
 14315 | Lair:1   | Noticed Erica
 14329 | Lair:1   | Killed Erica
 14632 | Lair:1   | Reached **** piety under Vehumet
 14633 | Lair:1   | Reached skill level 5 in Armour
 14834 | Lair:1   | Learned a level 4 spell: Anguish
 14968 | Lair:1   | Reached XP level 12. HP: 72/72 MP: 19/29
 14978 | Lair:1   | Offered knowledge of Inner Flame by Vehumet.
 14986 | Lair:1   | Reached skill level 1 in Hexes
 15197 | Lair:1   | Found a white marble altar of Elyvilon.
 15418 | Lair:2   | Noticed Sonja
 15421 | Lair:2   | Killed Sonja
 15540 | Lair:2   | Found a shadowy altar of Dithmenos.
 15580 | Lair:2   | Noticed a four-headed hydra
 15586 | Lair:2   | Reached skill level 5 in Hexes
 15590 | Lair:2   | Killed a four-headed hydra
 15935 | Lair:2   | Found a transporter.
 15941 | Lair:2   | Found a transporter.
 15942 | Lair:2   | Noticed Joatin's ghost (journeyman GnFi)
 16255 | Lair:2   | Reached skill level 12 in Spellcasting
 16664 | Lair:2   | Found a staircase to the Shoals.
 16781 | Lair:2   | Reached skill level 13 in Spellcasting
 17221 | Lair:3   | Reached skill level 14 in Spellcasting
 17349 | Lair:3   | Learned a level 8 spell: Maxwell's Capacitive Coupling
 17484 | Lair:3   | Noticed a five-headed hydra
 17489 | Lair:3   | Killed a five-headed hydra
 17490 | Lair:3   | Reached skill level 1 in Air Magic
 17895 | Lair:4   | Found a hole to the Spider Nest.
 17902 | Lair:4   | Reached XP level 13. HP: 65/76 MP: 16/33
 17905 | Lair:4   | Mangled by a wolf spider

Illustrated notes

Levels and vault maps discovered:
D:1:      matt_arrival_diagonals, layout_basic, hangedman_feature_mirror
D:2:      layout_basic, hellmonk_ecumenical_altar_heavens_door
D:3:      layout_basic, minivault_5
D:4:      layout_loops_corners, serial_shops, nicolae_shop_stone,
          minmay_fractal_squares_gapless_5
D:5:      layout_basic, doesnt_shop_hydraphobe
D:6:      layout_rooms, tgw_kikubaaqudgha, minmay_temple_entry_antechambers
D:7:      layout_cave_pools, ebering_ghost_reflecting_pool
D:8:      layout_basic, lemuel_another_geyser, uniq_maurice, uniq_maggie
D:9:      layout_stronghold, nicolae_overflow_hidden_temple,
          serial_column_ruins, column_ruins_grid_4, column_ruins_columns_water,
          column_ruins_grid_1, column_ruins_open_medium,
          column_ruins_columns_straight, st_stairs_4, uniq_psyche
D:10:     layout_basic, grunt_lair_entry_orc_guard_hut, enter_bailey_2,
          special_room [special_room_kobold], nicolae_shop_dragon_depot,
          minmay_starry_boxes, uniq_erolcha
Temple:   mainiacjoe_temple_bowtie_tessellation
Lair:1:   layout_loops_ring, basic_altar, uniq_erica
Lair:2:   layout_chaotic_city, minmay_shoals_entry_lonely_mermaid,
          gammafunk_ghost_hive, basic_altar, lemuel_fruit_fields,
          serial_bayou_shore_b, uniq_sonja
Lair:3:   layout_big_grid, chequers_serial_rivers_room_a
Lair:4:   layout_cave_pods, spider_nest_entry_funnel_web

Skill      XL: |  1  2  3  4  5  6  7  8  9 10 11 12 |
---------------+-------------------------------------+-----
Spellcasting   | 4 7 10 11 14 | 14.0
Conjurations   | 5 6 7 8 9 10 12 | 12.4
Fighting       | 2 4 7 |  7.0
Translocations | 6 |  6.3
Earth Magic    | 7 8 |  8.0
Armour         | 5 6 |  6.0
Hexes          | 9 |  9.1
Air Magic      | 3 |  3.0
Dodging        | |  2.4
Stealth        | |  2.4

Action                   |  1- 3 |  4- 6 |  7- 9 | 10-12 | 13-15 || total
-------------------------+-------+-------+-------+-------+-------++-------
Melee: Staff             |     1 |     5 |       |       |       ||     6
       Flail             |       |       |       |    30 |       ||    30
 Cast: Magic Dart        |    62 |   108 |   111 |    84 |       ||   365
       Searing Ray       |       |    10 |    34 |    32 |       ||    76
       Iskenderun's Myst |       |       |     9 |    18 |       ||    27
       Iskenderun's Batt |       |       |     3 |    14 |       ||    17
       Stone Arrow       |       |       |       |   256 |       ||   256
       Iron Shot         |       |       |       |     2 |       ||     2
       Anguish           |       |       |       |     1 |       ||     1
Evoke: Wand              |       |       |       |     1 |       ||     1
  Use: Scroll            |       |     3 |       |    25 |       ||    28
       Potion            |       |       |       |     5 |       ||     5
Armor: Robe              |     2 |     1 |    15 |    29 |       ||    47
       Steam dragon scal |       |       |       |    68 |     3 ||    71
Dodge: Dodged            |     5 |     9 |    32 |   118 |     2 ||   166
